 Dungeon Crawl Stone Soup version 0.28-a0-43-g560ac104fe (webtiles) character file.

Game seed: 1800531680424950884

59 Lekart the Skirmisher (level 3, 0/33 HPs)
             Began as a Draconian Fighter on July 28, 2021.
             Frozen to death by an endoplasm (2 damage)
             ... on level 2 of the Dungeon.
             The game lasted 00:01:35 (1808 turns).

Lekart the Skirmisher (Draconian Fighter)           Turns: 1808, Time: 00:01:36

Health: 0/33       AC:  5    Str: 19    XL:     3   Next: 78%
Magic:  3/3        EV: 10    Int:  8    God:
Gold:   62         SH:  9    Dex: 10    Spells: 2/2 levels left

rFire   . . .      SeeInvis .   a - +0 long sword
rCold   . . .      Faith    .   b - +0 kite shield
rNeg    . . .      Spirit   .   (armour unavailable)
rPois   .          Reflect  .   (helmet restricted)
rElec   .          Harm     .   (no cloak)
rCorr   .          Rampage  .   (no gloves)
Will    .....                   (no boots)
Stlth   +.........              (no amulet)
HPRegen 0.11/turn               (no ring)
MPRegen 0.08/turn               (no ring)

@: no status effects
A: AC +5, unfitting armour, cold-blooded
a: no special abilities


You were on level 2 of the Dungeon.
You visited 1 branch of the dungeon, and saw 3 of its levels.

You collected 62 gold pieces.

Inventory:

Hand Weapons
 a - a +0 long sword (weapon)
Armour
 b - a +0 kite shield (worn)
Jewellery
 i - a ring of protection from fire
 j - an amulet of reflection
Scrolls
 f - a scroll of vulnerability {unknown}
 g - a scroll of teleportation
 k - a scroll of fear
Potions
 c - a potion of might
 d - a potion of brilliance {unknown}
 e - a potion of lignification
 h - 2 potions of mutation {unknown}
 l - 2 potions of magic {unknown}
 m - a potion of resistance {unknown}


   Skills:
 + Level 3.8 Fighting
 + Level 2.7 Long Blades
 + Level 3.2 Dodging
 + Level 3.4 Shields


You had 2 spell levels left.
You didn't know any spells.
Your spell library contained the following spells:

 Spells                   Type           Power      Damage    Failure   Level
 Animate Skeleton         Necr           0%         N/A       88%         1
 Apportation              Tloc           0%         N/A       88%         1
 Corona                   Hex            0%         N/A       88%         1
 Summon Small Mammal      Summ           0%         N/A       88%         1


Dungeon Overview and Level Annotations

Branches:
Dungeon (3/15)

Altars:
The Shining One


Innate Abilities, Weirdness & Mutations

Your plain brown scales are hard. (AC +5)
You cannot fit into any form of body armour.
You are cold-blooded and may be slowed by cold attacks.


Message History

The endoplasm freezes you.
You are frozen.
There are monsters nearby!
You hit the endoplasm.
The endoplasm is severely wounded.
The endoplasm hits you but does no damage.
The goblin closely misses you. You block the endoplasm's attack.
The endoplasm freezes you.
You are frozen.
You feel yourself slow down. You block the goblin's attack.
The endoplasm freezes you.
You are frozen.
There are monsters nearby!
You are too injured to fight recklessly!
There are monsters nearby!
You are too injured to fight recklessly!
There are monsters nearby!
The endoplasm freezes you.
You are frozen.
* * * LOW HITPOINT WARNING * * *
The goblin hits you but does no damage. The endoplasm closely misses you.
The goblin closely misses you.
The endoplasm hits you but does no damage.
You block the endoplasm's attack.
There is a stone staircase leading up here.
The endoplasm freezes you.
You are frozen.
* * * LOW HITPOINT WARNING * * *
You block the goblin's attack.
The endoplasm hits you but does no damage.
You climb upwards.
You feel yourself speed up.
There is a stone staircase leading down here.
You completely miss the endoplasm. The goblin hits you but does no damage.
The endoplasm closely misses you.
The endoplasm hits you but does no damage.
The goblin hits you with a +0 dagger.
* * * LOW HITPOINT WARNING * * *
The endoplasm freezes you.
You are frozen.
You die...

.#......# ### #.........#
...###### #.........# ...#
#........## ..># #.#.......#
...# #.#.......# ####
#.#.......# ###........##
#################g........##
.....†.........J@J##.....##
####################.....#
#######


You could see 2 endoplasms and a goblin.

Vanquished Creatures
  A gnoll (D:2)
  An adder (D:3)
  2 worms
  A ball python (D:1)
  3 bats (D:1)
  7 endoplasms
  A goblin (D:2)
  A hobgoblin (D:2)
  5 jackals
  2 quokkas (D:2)
  3 frilled lizards
  2 kobolds (D:2)
  2 rats
31 creatures vanquished.

Notes
Turn   | Place    | Note
-------+----------+-------------------------------------------
     0 | D:1      | Lekart the Draconian Fighter began the quest for the Orb.
     0 | D:1      | Reached XP level 1. HP: 19/19 MP: 1/1
    54 | D:1      | Reached XP level 2. HP: 14/26 MP: 2/2
   903 | D:2      | Found a faded altar of an unknown god.
  1211 | D:2      | Reached XP level 3. HP: 33/33 MP: 3/3
  1276 | D:2      | Found a glowing golden altar of the Shining One.
  1808 | D:2      | Frozen to death by an endoplasm

Illustrated notes

Levels and vault maps discovered:
D:1:      tarquinn_simple_flora_water_d, layout_loops_ring,
          chequers_serial_rivers_micro_c, minmay_stone_trees_large
D:2:      layout_rooms, basic_ecumenical_altar, basic_altar,
          minmay_misc_feat_chi, minmay_pentomino_v4
D:3:      layout_basic, nicolae_overflow_hidden_temple, serial_shops,
          nicolae_shop_behind_doors, uniq_sigmund, uniq_jessica

Skill      XL: |  1  2 |
---------------+-------+-----
Dodging        | 3 |  3.2
Fighting       | |  3.8
Long Blades    | |  2.7
Shields        | |  3.4

Action                   || total
-------------------------++-------
Melee: Long sword        ||    94
       Tailslap          ||     9
  Use: Scroll            ||     5
Armor: Skin              ||    33
Dodge: Dodged            ||    53
Block: Kite shield       ||    53
       Rpst.: Long sword ||    10

Table legend: (Time is in decaauts)
 A = Elapsed time spent in this place.
 B = Non-inter-level travel time spent in this place.
 C = Inter-level travel time spent in this place.
 D = Time resting spent in this place.
 E = Time spent auto-exploring this place.
 F = Levels seen in this place.
 G = Mean time per level.
                   A        B        C        D        E       F      G
               +--------+--------+--------+--------+--------+-----+--------+
         Total |   1862 |   1830 |     32 |    226 |   1326 |   3 |  620.7 |
       Dungeon |   1862 |   1830 |     32 |    226 |   1326 |   3 |  620.7 |
               +--------+--------+--------+--------+--------+-----+--------+

Top non-repeatable levels by time:
     D:1: 1155 daAuts
     D:2: 693 daAuts
     D:3: 13 daAuts
